 Dungeon Crawl Stone Soup version 0.31.0-11-ge490571c62 (webtiles) character file.

Game seed: 5205667187848192525

102 DeltaZero the Grave Robber (level 4, -9/24 HPs)
             Began as a Deep Elf Necromancer on Feb 8, 2024.
             Mangled by a gnoll
             ... wielding a +0 halberd
              (11 damage)
             ... on level 3 of the Dungeon.
             The game lasted 00:06:17 (1644 turns).

DeltaZero the Grave Robber (Deep Elf Necromancer)   Turns: 1644, Time: 00:06:18

Health: -9/24      AC:  2    Str:  5    XL:     4   Next: 49%
Magic:  3/12       EV: 12    Int: 22    God:
Gold:   41         SH:  0    Dex: 15    Spells: 7/11 levels left

rFire   . . .        l - staff of conjuration
rCold   . . .        (no shield)
rNeg    . . .        a - +0 robe
rPois   .            (no helmet)
rElec   .            (no cloak)
rCorr   .            (no gloves)
SInv    .            (no boots)
Will    .....        m - amulet of faith
Stlth   ++           (no ring)
HPRegen 0.24/turn    (no ring)
MPRegen 0.13/turn

%: faith
@: no status effects
A: no striking features
a: no special abilities


You were on level 3 of the Dungeon.
You visited 1 branch of the dungeon, and saw 3 of its levels.

You collected 41 gold pieces.

Inventory:

Armour
 a - a +0 robe (worn)
 j - an orb of guile
Magical Staves
 l - a staff of conjuration (weapon)
Jewellery
 m - an amulet of faith (around neck)
Scrolls
 c - a scroll of enchant armour {unknown}
 d - a scroll of poison {unknown}
 e - 2 scrolls of identify
 f - 2 scrolls of teleportation
 i - a scroll of revelation {unknown}
 k - a scroll of immolation {unknown}
Potions
 b - a potion of magic
 h - a potion of ambrosia


   Skills:
 + Level 2.6 Dodging
 + Level 2.5 Stealth
 + Level 4.4 Spellcasting
 + Level 6.3 Necromancy


You had 7 spell levels left.
You knew the following spells:

 Your Spells              Type           Power      Damage    Failure   Level
a - Necrotise             Necr           100%       1d9       1%          1
b - Vampiric Draining     Necr           32%        2d8       2%          3

Your spell library contained the following spells:

 Spells                   Type           Power      Damage    Failure   Level
 Animate Dead             Necr           32%        N/A       8%          4
 Curse of Agony           Necr           32%        N/A       22%         5


Dungeon Overview and Level Annotations

Branches:
Dungeon (3/15)

Altars:


Message History

The gnoll hits your frilled lizard skeleton with a +0 club!
Your frilled lizard skeleton is destroyed!
The gnoll writhes in agony.
Your rat skeleton closely misses the gnoll.
A bat comes into view.
The gnoll writhes in agony.
The bat hits your rat skeleton.
Your rat skeleton bites the gnoll.
The gnoll hits you from afar with a +0 spear!
The gnoll writhes in agony.
You kill the gnoll!
The dead are walking!
Your rat skeleton crumbles into dust!
The gnoll hits you from afar with a +0 spear.
The bat misses you.
A gnoll comes into view. It is wielding a +0 halberd.
Casting: Necrotise (safe; 1% risk of failure)
Confirm with . or Enter, or press ? or * to list all spells.
Aiming: Vampiric Draining (dangerous; 2% risk of failure)
Press: ? - help, Shift-Dir - straight line, f - bat
Aim: a bat (ally target)
You draw life force from the bat!
You kill the bat!
You feel life coursing into your body.
The gnoll hits you from afar with a +0 spear.
The gnoll barely misses you.
You see here a bat corpse.
Casting: Vampiric Draining (dangerous; 2% risk of failure)
Confirm with . or Enter, or press ? or * to list all spells.
You don't have enough magic to cast this spell.
You hit the gnoll but do no damage.
The gnoll is heavily wounded.
Your gnoll skeleton hits the gnoll.
The gnoll hits your gnoll skeleton with a +0 spear.
The gnoll hits you from afar with a +0 halberd!
* * * LOW HITPOINT WARNING * * *
Your gnoll skeleton hits the gnoll.
The gnoll hits your gnoll skeleton with a +0 spear!
The gnoll attacks as it pursues you!
The gnoll hits you from afar with a +0 halberd!
You die...

#.# ..... .. #.# #.#
....# .## #.# .#.
.$.##..## #####.# . .
........ #...... . .#
.....# #...... . ..
#....# ####...... . .#
#g)Z.# ..........
#†g..# ..........
#@...# .........
#....## ..)......
+....+..######..[.
#$...# ...# #....
####....##+##.###....
....(................#
.....................#
....................#..
...........#...........


You could see 2 gnolls and a friendly gnoll skeleton.

Vanquished Creatures
  2 gnolls (D:3)
  4 adders
  2 dart slugs
  An endoplasm (D:1)
  2 giant cockroaches (D:1)
  3 goblins
  A hobgoblin (D:1)
  3 quokkas
  8 ball pythons
  3 bats
  3 frilled lizards
  6 kobolds
  7 rats
45 creatures vanquished.

Vanquished Creatures (collateral kills)
  A dart slug (D:1)
1 creature vanquished.

Grand Total: 46 creatures vanquished

Notes
Turn   | Place    | Note
-------+----------+-------------------------------------------
     0 | D:1      | DeltaZero the Deep Elf Necromancer began the quest for the
                  | Orb.
     0 | D:1      | Reached XP level 1. HP: 10/10 MP: 6/6
    89 | D:1      | Reached skill level 5 in Necromancy
   100 | D:1      | Reached XP level 2. HP: 15/15 MP: 0/8
   717 | D:2      | Reached XP level 3. HP: 17/19 MP: 7/10
   721 | D:2      | Learned a level 3 spell: Vampiric Draining
  1173 | D:2      | Reached skill level 6 in Necromancy
  1488 | D:3      | Reached XP level 4. HP: 24/24 MP: 9/12
  1644 | D:3      | Mangled by a gnoll

Illustrated notes

Levels and vault maps discovered:
D:1:      dpeg_arrival_orchard, layout_rooms
D:2:      layout_basic
D:3:      layout_basic, mainiacjoe_overflow_large_starburst,
          shapermc_ecumenical_altar_mp_urbaneastern, st_stairs_13,
          roderic_batcave

Skill      XL: |  1  2  3 |
---------------+----------+-----
Necromancy     | 5 6 |  6.3
Spellcasting   | 4 |  4.4
Dodging        | |  2.6
Stealth        | |  2.5

Action                     |  1- 3 |  4- 6 || total
---------------------------+-------+-------++-------
  Melee: Staff             |       |     1 ||     1
   Cast: Necrotise         |    62 |    14 ||    76
         Vampiric Draining |       |     1 ||     1
    Use: Scroll            |     3 |       ||     3
 Armour: Robe              |     2 |     5 ||     7
  Dodge: Dodged            |    15 |     2 ||    17
